IL
LEHIGH VALLEY IRONPIGS @ OKLAHOMA CITY DODGERS
09/21/2045
 
TOP OF THE 1ST
Lehigh Valley IronPigs batting - Pitching for Oklahoma City Dodgers : RHP Nate Allen
Pitching: RHP Nate Allen
Batting: RHB Mitch Boyd 0-0: Ball
1-0: Ball
2-0: Foul Ball, location: 2F
2-1: Called Strike
2-2: SINGLE (Groundball, 6MD, EV 84.4 MPH) (infield hit)
Batting: LHB Tyler Allen 0-0: Ball
1-0: Ball
2-0: Fielders Choice at 2nd, 5-4 (Groundball, 56S, EV 78.8 MPH)
Batting: SHB Lance Franklin 0-0: Fly out, F7 (Flyball, 7LS, EV 83.8 MPH)
Batting: RHB Josh Hensley 0-0: Fly out, F7 (Flyball, 7LS, EV 73.8 MPH)
Top of the 1st over - 0 runs, 1 hit, 0 errors, 1 left on base; Lehigh Valley 0 - Oklahoma City 0
BOTTOM OF THE 1ST
Oklahoma City Dodgers batting - Pitching for Lehigh Valley IronPigs : RHP Nick Turner
Pitching: RHP Nick Turner
Batting: LHB Frank Mullen 0-0: Ball
1-0: Foul Ball, location: 2F
1-1: Fly out, F4 (Popup, 4MD, EV 56.9 MPH)
Batting: RHB Jeremy Giesler 0-0: Ball
1-0: Called Strike
1-1: Ball
2-1: Ground out 5-3 (Groundball, 56S, EV 83.8 MPH)
Batting: LHB Kevin Wiebe 0-0: Called Strike
0-1: Ball
1-1: Swinging Strike
1-2: Ball
2-2: Ball
3-2: Strikes out swinging
Bottom of the 1st over - 0 runs, 0 hits, 0 errors, 0 left on base; Lehigh Valley 0 - Oklahoma City 0
TOP OF THE 2ND
Lehigh Valley IronPigs batting - Pitching for Oklahoma City Dodgers : RHP Nate Allen
Batting: LHB Michael Tuttle 0-0: Ball
1-0: Foul Ball, location: 2F
1-1: Ground out U3 (Groundball, 3, EV 90.6 MPH)
Batting: RHB Kory Sanchez 0-0: Swinging Strike
0-1: Called Strike
0-2: Strikes out swinging
Batting: LHB Danny Hill 0-0: Foul Ball, location: 2F
0-1: Ball
1-1: Foul Ball, location: 2F
1-2: Ball
2-2: Ball
3-2: Foul Ball, location: 2F
3-2: Strikes out swinging
Top of the 2nd over - 0 runs, 0 hits, 0 errors, 0 left on base; Lehigh Valley 0 - Oklahoma City 0
BOTTOM OF THE 2ND
Oklahoma City Dodgers batting - Pitching for Lehigh Valley IronPigs : RHP Nick Turner
Batting: RHB Alex Mejia 0-0: Ball
1-0: Ball
2-0: Fly out, F8 (Flyball, 8RD, EV 101.9 MPH)
Batting: RHB Blake Beale 0-0: Called Strike
0-1: Called Strike
0-2: Ball
1-2: Ground out 5-3 (Groundball, 56, EV 77.5 MPH)
Batting: LHB Alberto Chavez 0-0: Called Strike
0-1: Ball
1-1: Called Strike
1-2: Ball
2-2: Ball
3-2: Strikes out swinging
Bottom of the 2nd over - 0 runs, 0 hits, 0 errors, 0 left on base; Lehigh Valley 0 - Oklahoma City 0
TOP OF THE 3RD
Lehigh Valley IronPigs batting - Pitching for Oklahoma City Dodgers : RHP Nate Allen
Batting: RHB Moritake Fukumoto 0-0: Ball
1-0: Fly out, F8 (Flyball, 78D, EV 101.9 MPH)
Batting: RHB Aaron Burress 0-0: Ground out 3-1 (Groundball, 34, EV 101.9 MPH)
Batting: RHB Mitch Boyd 0-0: Ball
1-0: Called Strike
1-1: Ground out 6-3 (Groundball, 6, EV 91.2 MPH)
Top of the 3rd over - 0 runs, 0 hits, 0 errors, 0 left on base; Lehigh Valley 0 - Oklahoma City 0
BOTTOM OF THE 3RD
Oklahoma City Dodgers batting - Pitching for Lehigh Valley IronPigs : RHP Nick Turner
Batting: RHB Shinji Aizawa 0-0: Ground out 6-3 (Groundball, 6, EV 96.9 MPH)
Batting: RHB Dave Cordero 0-0: Foul Ball, location: 2F
0-1: Ball
1-1: Ball
2-1: Ground out 5-3 (Groundball, 5S, EV 61.9 MPH)
Batting: RHB Sean Tanner 0-0: Ball
1-0: Called Strike
1-1: Called Strike
1-2: Ball
2-2: Strikes out swinging
Bottom of the 3rd over - 0 runs, 0 hits, 0 errors, 0 left on base; Lehigh Valley 0 - Oklahoma City 0
TOP OF THE 4TH
Lehigh Valley IronPigs batting - Pitching for Oklahoma City Dodgers : RHP Nate Allen
Batting: LHB Tyler Allen 0-0: Ball
1-0: Called Strike
1-1: Ground out 6-3 (Groundball, 6, EV 91.9 MPH)
Batting: SHB Lance Franklin 0-0: Ball
1-0: Swinging Strike
1-1: Ball
2-1: Foul Ball, location: 2F
2-2: Ball
3-2: Foul Ball, location: 2F
3-2: Base on Balls
Batting: RHB Josh Hensley 0-0: Ball
1-0: Ball
Lance Franklin steals 2nd base
2-0: Ball
3-0: Base on Balls
Batting: LHB Michael Tuttle 0-0: Ball
1-0: Ball
2-0: SINGLE (Groundball, 34D, EV 100.0 MPH)
Lance Franklin to third
Josh Hensley to second
Batting: RHB Kory Sanchez 0-0: Swinging Strike
0-1: Ball
1-1: Foul Ball, location: 2F
1-2: Foul Ball, location: 2F
1-2: Ball
2-2: Foul Ball, location: 2F
2-2: Foul Ball, location: 2F
2-2: Foul Ball, location: 2F
2-2: Fly out, F4 (Popup, 4S, EV 83.1 MPH)
Batting: LHB Danny Hill 0-0: Called Strike
0-1: SINGLE (Popup, 3S, EV 83.1 MPH)
Lance Franklin scores
Josh Hensley to third
Michael Tuttle to second
Throwing error, E3
Josh Hensley scores
Michael Tuttle to third
Danny Hill to second
Batting: RHB Moritake Fukumoto 0-0: Ball
1-0: Ground out 5-3 (Groundball, 5, EV 108.8 MPH)
Top of the 4th over - 2 runs, 2 hits, 1 error, 2 left on base; Lehigh Valley 2 - Oklahoma City 0
BOTTOM OF THE 4TH
Oklahoma City Dodgers batting - Pitching for Lehigh Valley IronPigs : RHP Nick Turner
Batting: LHB Frank Mullen 0-0: Called Strike
0-1: Swinging Strike
0-2: Ball
1-2: Ball
2-2: Foul Ball, location: 2F
2-2: Foul Ball, location: 2F
2-2: Ball
3-2: Fly out, F7 (Flyball, 78M, EV 86.9 MPH)
Batting: RHB Jeremy Giesler 0-0: TRIPLE (Groundball, 3L, EV 100.6 MPH)
Batting: LHB Kevin Wiebe 0-0: 2-RUN HOME RUN (Flyball, 78XD, EV 100.0 MPH), Distance : 413 ft
Batting: RHB Alex Mejia 0-0: SINGLE (Flyball, 56D, EV 95.0 MPH)
Batting: RHB Blake Beale 0-0: Ball
1-0: Ball
2-0: Ground out 5-3 (Groundball, 56S, EV 74.4 MPH)
Alex Mejia to second
Batting: LHB Alberto Chavez 0-0: Swinging Strike
0-1: DOUBLE (Line Drive, 9LM, EV 111.2 MPH)
Alex Mejia scores
Batting: RHB Shinji Aizawa 0-0: Foul Ball, location: 2F
0-1: Ball
1-1: Ball
2-1: Foul Ball, location: 2F
2-2: Ball
3-2: Base on Balls
Batting: RHB Dave Cordero 0-0: Foul Ball, location: 2F
0-1: Ball
1-1: SINGLE (Groundball, 25, EV 63.1 MPH) (infield hit)
Alberto Chavez to third
Shinji Aizawa to second
Batting: RHB Sean Tanner 0-0: Ball
1-0: Ball
2-0: Ball
3-0: Called Strike
3-1: Fly out, F5 (Popup, 6S, EV 77.5 MPH)
Bottom of the 4th over - 3 runs, 5 hits, 0 errors, 3 left on base; Lehigh Valley 2 - Oklahoma City 3
TOP OF THE 5TH
Lehigh Valley IronPigs batting - Pitching for Oklahoma City Dodgers : RHP Nate Allen
Batting: RHB Aaron Burress 0-0: Ball
1-0: Foul Ball, location: 2F
1-1: Called Strike
1-2: Ball
2-2: Foul Ball, location: 2F
2-2: Ball
3-2: Base on Balls
Batting: RHB Mitch Boyd 0-0: Ball
1-0: Called Strike
1-1: Ball
2-1: Called Strike
2-2: SINGLE (Line Drive, 6MD, EV 109.4 MPH)
Aaron Burress to second
Batting: LHB Tyler Allen 0-0: Ball
1-0: Ball
2-0: Ball
3-0: Base on Balls
Aaron Burress to third
Mitch Boyd to second
Batting: SHB Lance Franklin 0-0: Ball
1-0: GRAND SLAM HOME RUN (Flyball, 89XD, EV 115.6 MPH), Distance : 445 ft
Pitching: RHP Josh Thorne
Batting: RHB Josh Hensley 0-0: Called Strike
0-1: Ball
1-1: Ball
2-1: Ball
3-1: Foul Ball, location: 2F
3-2: Ground out 6-3 (Groundball, 6, EV 85.6 MPH)
Batting: LHB Michael Tuttle 0-0: Ball
1-0: Fly out, F6 (Popup, 6D, EV 68.1 MPH)
Batting: RHB Kory Sanchez 0-0: Ball
1-0: Swinging Strike
1-1: Foul Ball, location: 2F
1-2: Ball
2-2: Ground out 5-3 (Groundball, 56, EV 104.4 MPH)
Top of the 5th over - 4 runs, 2 hits, 0 errors, 0 left on base; Lehigh Valley 6 - Oklahoma City 3
BOTTOM OF THE 5TH
Oklahoma City Dodgers batting - Pitching for Lehigh Valley IronPigs : RHP Nick Turner
Batting: LHB Frank Mullen 0-0: Foul Ball, location: 2F
0-1: Ball
1-1: Called Strike
1-2: Ball
2-2: Ground out 4-3 (Groundball, 34D, EV 107.5 MPH)
Batting: RHB Jeremy Giesler 0-0: Ball
1-0: Swinging Strike
1-1: Ball
2-1: SINGLE (Groundball, 6MD, EV 110.0 MPH)
Batting: LHB Kevin Wiebe 0-0: Ball
1-0: Ball
Jeremy Giesler steals 2nd base (no throw)
2-0: Ball
3-0: Base on Balls
Batting: RHB Alex Mejia 0-0: Called Strike
0-1: Ball
1-1: Called Strike
1-2: Strikes out swinging
Batting: RHB Blake Beale 0-0: Ball
1-0: Ball
2-0: Ball
3-0: Called Strike
3-1: Swinging Strike
3-2: Foul Ball, location: 2F
3-2: Foul Ball, location: 2F
3-2: Strikes out looking
Bottom of the 5th over - 0 runs, 1 hit, 0 errors, 2 left on base; Lehigh Valley 6 - Oklahoma City 3
TOP OF THE 6TH
Lehigh Valley IronPigs batting - Pitching for Oklahoma City Dodgers : RHP Josh Thorne
Batting: LHB Danny Hill 0-0: Ball
1-0: Ball
2-0: Ball
3-0: Called Strike
3-1: Called Strike
3-2: Foul Ball, location: 2F
3-2: Foul Ball, location: 2F
3-2: SINGLE (Line Drive, 89M, EV 106.2 MPH)
Batting: RHB Moritake Fukumoto 0-0: Ball
1-0: Foul Ball, location: 2F
1-1: Fielders Choice at 2nd, 3-6 (Groundball, 3, EV 105.0 MPH)
Batting: RHB Aaron Burress 0-0: Foul Ball, location: 2F
0-1: Hit by Pitch
Moritake Fukumoto to second
Batting: RHB Mitch Boyd 0-0: Ball
1-0: Called Strike
1-1: Called Strike
1-2: Grounds into double play, 6-4-3 (Groundball, 6, EV 81.9 MPH)
Top of the 6th over - 0 runs, 1 hit, 0 errors, 1 left on base; Lehigh Valley 6 - Oklahoma City 3
BOTTOM OF THE 6TH
Oklahoma City Dodgers batting - Pitching for Lehigh Valley IronPigs : RHP Nick Turner
Batting: LHB Alberto Chavez 0-0: Ball
1-0: Ball
2-0: SINGLE (Groundball, 34D, EV 100.0 MPH)
Batting: RHB Shinji Aizawa 0-0: Called Strike
0-1: Swinging Strike
0-2: Strikes out swinging
Pitching: RHP Derek Ziolkowski
Pinch Hitting: LHB Jim Chalk 0-0: Swinging Strike
0-1: Called Strike
0-2: Ball
1-2: Grounds into double play, 6-4-3 (Groundball, 6, EV 76.2 MPH)
Bottom of the 6th over - 0 runs, 1 hit, 0 errors, 0 left on base; Lehigh Valley 6 - Oklahoma City 3
TOP OF THE 7TH
Lehigh Valley IronPigs batting - Pitching for Oklahoma City Dodgers : RHP Josh Thorne
Pitching: RHP Alan Shanahan
Now at 2B: Ashton Crenshaw
Batting: LHB Tyler Allen 0-0: Foul Ball, location: 2F
0-1: Ball
1-1: Fly out, F8 (Flyball, 8RD, EV 106.2 MPH)
Batting: SHB Lance Franklin 0-0: Foul Ball, location: 2F
0-1: Called Strike
0-2: Ball
1-2: Foul Ball, location: 2F
1-2: Fly out, F7 (Flyball, 7D, EV 96.2 MPH)
Batting: RHB Josh Hensley 0-0: Ball
1-0: Ball
2-0: Ball
3-0: Called Strike
3-1: Fly out, F7 (Flyball, 7, EV 90.0 MPH)
Top of the 7th over - 0 runs, 0 hits, 0 errors, 0 left on base; Lehigh Valley 6 - Oklahoma City 3
BOTTOM OF THE 7TH
Oklahoma City Dodgers batting - Pitching for Lehigh Valley IronPigs : RHP Derek Ziolkowski
Batting: RHB Sean Tanner 0-0: Called Strike
0-1: Called Strike
0-2: Ball
1-2: Ball
2-2: Ball
3-2: Strikes out looking
Batting: LHB Frank Mullen 0-0: Ball
1-0: Called Strike
1-1: Ball
2-1: Ball
3-1: Base on Balls
Batting: RHB Jeremy Giesler 0-0: Ball
1-0: Ball
2-0: Called Strike
2-1: Foul Ball, location: 2F
2-2: Strikes out swinging
Batting: LHB Kevin Wiebe 0-0: Fly out, F9 (Line Drive, 9, EV 95.6 MPH)
Bottom of the 7th over - 0 runs, 0 hits, 0 errors, 1 left on base; Lehigh Valley 6 - Oklahoma City 3
TOP OF THE 8TH
Lehigh Valley IronPigs batting - Pitching for Oklahoma City Dodgers : RHP Alan Shanahan
Batting: LHB Michael Tuttle 0-0: Ball
1-0: Foul Ball, location: 2F
1-1: Called Strike
1-2: Foul Ball, location: 2F
1-2: Fly out, F6 (Popup, 6S, EV 65.0 MPH)
Batting: RHB Kory Sanchez 0-0: Ball
1-0: Ball
2-0: Fly out, F3 (Popup, 3F, EV 48.1 MPH)
Batting: LHB Danny Hill 0-0: Fly out, F8 (Flyball, 8LM, EV 95.6 MPH)
Top of the 8th over - 0 runs, 0 hits, 0 errors, 0 left on base; Lehigh Valley 6 - Oklahoma City 3
BOTTOM OF THE 8TH
Oklahoma City Dodgers batting - Pitching for Lehigh Valley IronPigs : RHP Derek Ziolkowski
Pitching: RHP Mike Kamm
Batting: RHB Alex Mejia 0-0: Called Strike
0-1: Foul Ball, location: 2F
0-2: Ball
1-2: Foul Ball, location: 2F
1-2: Ball
2-2: Foul Ball, location: 2F
2-2: Ball
3-2: Strikes out swinging
Pinch Hitting: LHB Dalton Silveira 0-0: Ball
1-0: Called Strike
1-1: Foul Ball, location: 2F
1-2: Ball
2-2: Foul Ball, location: 2F
2-2: Ball
3-2: Strikes out looking
Batting: LHB Alberto Chavez 0-0: Ball
1-0: Called Strike
1-1: SINGLE (Groundball, 23, EV 85.0 MPH) (infield hit)
Batting: RHB Shinji Aizawa 0-0: Ball
1-0: Called Strike
1-1: Ball
2-1: Swinging Strike
2-2: SINGLE (Groundball, 4MD, EV 100.6 MPH)
Alberto Chavez to second
Batting: RHB Ashton Crenshaw 0-0: Called Strike
0-1: Called Strike
0-2: Foul Ball, location: 2F
0-2: Fly out, F8 (Flyball, 8RS, EV 90.0 MPH)
Bottom of the 8th over - 0 runs, 2 hits, 0 errors, 2 left on base; Lehigh Valley 6 - Oklahoma City 3
TOP OF THE 9TH
Lehigh Valley IronPigs batting - Pitching for Oklahoma City Dodgers : RHP Alan Shanahan
Pitching: RHP Justin Ailey
Now in RF: David Rodgers
Pinch Hitting: SHB Bob Dixon 0-0: Ball
1-0: Foul Ball, location: 2F
1-1: Called Strike
1-2: Ball
2-2: Strikes out swinging
Batting: RHB Aaron Burress 0-0: Swinging Strike
0-1: Called Strike
0-2: Strikes out looking
Batting: RHB Mitch Boyd 0-0: Ground out 1-3 (Groundball, 13S, EV 64.4 MPH)
Top of the 9th over - 0 runs, 0 hits, 0 errors, 0 left on base; Lehigh Valley 6 - Oklahoma City 3
BOTTOM OF THE 9TH
Oklahoma City Dodgers batting - Pitching for Lehigh Valley IronPigs : RHP Mike Kamm
Pitching: RHP Ben Bosley
Now in LF: Danny Hill
Now in CF: Darrell Ortega
Batting: RHB Sean Tanner 0-0: Ball
1-0: Ball
2-0: Ball
3-0: Called Strike
3-1: Called Strike
3-2: Fly out, F8 (Line Drive, 8RM, EV 95.6 MPH)
Batting: LHB Frank Mullen 0-0: Swinging Strike
0-1: Foul Ball, location: 2F
0-2: Ball
1-2: TRIPLE (Flyball, 89XD, EV 95.0 MPH)
Batting: RHB Jeremy Giesler 0-0: Called Strike
0-1: Foul Ball, location: 2F
0-2: Ball
1-2: Ball
2-2: Ground out 4-3 (Groundball, 4, EV 106.2 MPH)
Frank Mullen scores
Batting: LHB Kevin Wiebe 0-0: Ball
1-0: Ball
2-0: Swinging Strike
2-1: Called Strike
2-2: Fly out, F7 (Flyball, 7S, EV 87.5 MPH)
Bottom of the 9th over - 1 run, 1 hit, 0 errors, 0 left on base; Lehigh Valley 6 - Oklahoma City 4
Wednesday, June 22nd , 2022 - OOTP Baseball 23.4 Build 64